 Dungeon Crawl Stone Soup version 0.25.0-41-g26779e291d (webtiles) character file.

Game seed: 1725544682520753560

136 wojtek the Chopper (level 5, 0/32 HPs)
             Began as a Gargoyle Fighter on July 10, 2020.
             Slain by an orc
             ... wielding a +0 trident
              (3 damage)
             ... on level 3 of the Dungeon.
             The game lasted 00:03:27 (2093 turns).

wojtek the Chopper (Gargoyle Fighter)               Turns: 2093, Time: 00:03:27

Health: 0/32       AC: 13    Str: 20    XL:     5   Next: 19%
Magic:  5/5        EV:  5    Int:  9    God:
Gold:   130        SH:  9    Dex:  9    Spells: 4/4 levels left

rFire    . . .     SeeInvis .   a - +0 war axe
rCold    . . .     Gourm    .   c - +0 kite shield
rNeg     + . .     Faith    .   g - +0 chain mail
rPois    ∞         Spirit   .   (no helmet)
rElec    +         Reflect  .   u - +0 cloak
rCorr    .         Harm     .   o - -2 pair of gloves (curse)
MR       .....                  (no boots)
Stlth    ..........             (no amulet)
HPRegen  0.10/turn              (no ring)
MPRegen  0.09/turn              (no ring)

@: no status effects
A: negative energy resistance 1, electricity resistance, unbreathing,
petrification resistance, rot immunity, AC +4
a: no special abilities


You were on level 3 of the Dungeon.
You were not hungry.

You visited 1 branch of the dungeon, and saw 3 of its levels.

You collected 130 gold pieces.

Inventory:

Hand Weapons
 a - a +0 war axe (weapon)
Armour
 c - a +0 kite shield (worn)
 g - a +0 chain mail (worn)
 o - a cursed -2 pair of gloves (worn)
 u - a +0 cloak (worn)
Jewellery
 r - a +4 ring of protection {unknown}
Wands
 v - a wand of polymorph (3)
Scrolls
 e - a scroll of immolation {unknown}
 i - 5 scrolls of identify {unknown}
 j - a scroll of fear {unknown}
 l - 2 scrolls of remove curse {unknown}
 t - a scroll of teleportation {unknown}
 x - 3 scrolls of magic mapping {unknown}
Potions
 b - a potion of invisibility {unknown}
 d - a potion of might
 h - a potion of brilliance {unknown}
 k - 2 potions of heal wounds {unknown}
 m - a potion of lignification {unknown}
 n - 2 potions of ambrosia {unknown}
 p - a potion of cancellation {unknown}
 q - 2 potions of degeneration {unknown}
 s - a potion of berserk rage {unknown}
Comestibles
 f - 4 rations
 w - 3 chunks of flesh


   Skills:
 - Level 3.2 Fighting
 + Level 4.7 Axes
 - Level 3.2 Armour
 - Level 3.2 Shields


You had 4 spell levels left.
You didn't know any spells.
Your spell library was empty.

Dungeon Overview and Level Annotations

Branches:
Dungeon (3/15)

Altars:


Innate Abilities, Weirdness & Mutations

You are resistant to torment.
Your stone body is resilient. (AC +4)
You are immune to poison.
You resist negative energy. (rN+)
You are resistant to electric shocks. (rElec)
You can survive without breathing.
You are immune to petrification.
You are immune to rotting.


Message History

You miss the adder. You block the adder's attack. The orc barely misses you.
You miss the adder. The adder bites you but does no damage.
The orc hits you but does no damage. You block the adder's attack.
You miss the adder.
You hear the quick rusting of a distant drain.
You block the adder's attack.
The orc hits you from afar with a +0 trident.
* * * LOW HITPOINT WARNING * * *
The adder barely misses you.
You miss the adder. The adder bites you but does no damage.
You block the orc's attack. You block the adder's attack.
The orc barely misses you.
You closely miss the adder. You block the adder's attack.
The orc hits you from afar with a +0 trident.
* * * LOW HITPOINT WARNING * * *
The adder bites you but does no damage.
Your shield and chain mail prevent you from hitting the adder.
You block the adder's attack.
The orc hits you from afar with a +0 trident.
You die...

##'# #.# ## #.# #.#
#.# #.# ##.## #.#
##...#### #.#
#.......#####.# #
#............#
#####o###.#...#######
......S@.....##
##############


You could see an adder and an orc.

Vanquished Creatures
  An orc priest (D:3)
  5 adders
  A worm (D:2)
  3 leopard geckos
  3 orcs (D:3)
  5 bats
  3 giant cockroaches
  6 goblins
  7 hobgoblins
  8 kobolds
  2 quokkas
  2 frilled lizards (D:1)
  6 rats
52 creatures vanquished.

Notes
Turn   | Place    | Note
-------+----------+-------------------------------------------
     0 | D:1      | wojtek the Gargoyle Fighter began the quest for the Orb.
     0 | D:1      | Reached XP level 1. HP: 14/14 MP: 1/1
    60 | D:1      | Reached skill level 2 in Axes
   219 | D:1      | Reached XP level 2. HP: 17/19 MP: 2/2
   752 | D:1      | Reached skill level 3 in Axes
   798 | D:1      | Reached XP level 3. HP: 23/23 MP: 3/3
  1711 | D:3      | Reached XP level 4. HP: 9/28 MP: 4/4
  1744 | D:3      | Reached skill level 4 in Axes
  2085 | D:3      | Reached XP level 5. HP: 7/32 MP: 5/5
  2093 | D:3      | Slain by an orc

Illustrated notes

Levels and vault maps discovered:
D:1:      saegor_arrival_simple_c, layout_loops_ring
D:2:      layout_loops_cross, first_ration, amethyst_killhole
D:3:      layout_loops_corners, nicolae_overflow_crystal_walls,
          marbit_many_paths, gup_sewer_entry_spiral

Skill      XL: |  1  2  3  4 |
---------------+-------------+-----
Axes           | 2 3 4 |  4.7
Fighting       | |  3.2
Armour         | |  3.2
Shields        | |  3.2

Action                   |  1- 3 |  4- 6 || total
-------------------------+-------+-------++-------
Melee: War axe           |   163 |    86 ||   249
  Eat: Chunk             |     2 |     2 ||     4
Armor: Scale mail        |    42 |       ||    42
       Chain mail        |    70 |    63 ||   133
Dodge: Dodged            |    54 |    28 ||    82
Block: Kite shield       |    94 |    53 ||   147
